 Dungeon Crawl Stone Soup version 0.29-a0-1065-g47a6bb87d6 (webtiles) character file.

Game seed: 274890319181215149

688 SensoryNuts the Poker (level 7, -8/64 (72) HPs)
             Began as an Ogre Gladiator on Aug 18, 2022.
             Mangled by a wight
             ... wielding a +3 trident
              (9 damage)
             ... on level 6 of the Dungeon.
             The game lasted 00:05:43 (6224 turns).

SensoryNuts the Poker (Ogre Gladiator)              Turns: 6224, Time: 00:05:43

HP:   -8/64 (72)    AC:  4    Str: 21    XL:     7   Next: 62%
MP:   7/7           EV: 10    Int:  9    God:
Gold: 272           SH:  0    Dex: 10    Spells: 6/6 levels left

rFire   + . .      SeeInvis .   a - +0 trident (venom)
rCold   + . .      Faith    .   (no shield)
rNeg    . . .      Spirit   .   b - +0 robe
rPois   +          Reflect  .   c - +1 hat
rElec   +          Harm     .   (no cloak)
rCorr   +          Rampage  .   (gloves unavailable)
Will    .....      Clarity  +   (boots unavailable)
Stlth   ++........              (no amulet)
HPRegen 0.20/turn               (no ring)
MPRegen 0.10/turn               (no ring)

@: resistant, heavily drained, unable to read
A: large, unfitting armour, tough skin 1, hooves 1, clarity, inability to read
after injury 1
a: no special abilities


You were on level 6 of the Dungeon.
You visited 1 branch of the dungeon, and saw 6 of its levels.

You collected 272 gold pieces.

Inventory:

Hand Weapons
 a - a +0 trident of venom (weapon)
 v - a +4 falchion
Missiles
 d - 3 throwing nets (quivered)
 e - a large rock
Armour
 b - a +0 robe (worn)
 c - a +1 hat (worn)
Jewellery
 f - a ring of positive energy
 y - a ring of wizardry
Wands
 l - a wand of iceblast (4)
 z - a wand of quicksilver (5)
Scrolls
 h - 3 scrolls of teleportation
 i - a scroll of fear {unknown}
 j - 3 scrolls of identify
 k - 3 scrolls of immolation {unknown}
 p - 2 scrolls of enchant weapon {unknown}
 q - a scroll of blinking
 u - 2 scrolls of fog
 w - a scroll of silence {unknown}
 x - 2 scrolls of poison {unknown}
Potions
 m - 2 potions of brilliance
 n - 2 potions of magic
 r - a potion of cancellation {unknown}
 s - a potion of degeneration {unknown}
 t - 2 potions of attraction {unknown}


   Skills:
 + Level 5.5 Fighting
 + Level 6.3 Polearms
 + Level 2.1 Throwing
 + Level 4.2 Dodging
 + Level 1.9 Stealth


You had 6 spell levels left.
You didn't know any spells.
Your spell library contained the following spells:

 Spells                   Type           Power      Damage    Failure   Level
 Dazzling Flash           Conj/Hex       0%         N/A       77%         3
 Gell's Gravitas          Tloc           0%         N/A       77%         3
 Teleport Other           Tloc           0%         N/A       77%         3
 Iskenderun's Mystic Bla  Conj/Tloc      0%         2d3       99%         4
 Dispersal                Tloc           0%         N/A       100%        6
 Starburst                Conj/Fire      0%         6d3       100%        6


Dungeon Overview and Level Annotations

Branches:
Dungeon (6/15)
 Temple: D:4-7

Altars:
Fedhas
Hepliaklqana
Kikubaaqudgha
Xom

Shops:
D:3 (


Innate Abilities, Weirdness & Mutations

You are too large for most types of armour.
You have tough skin. (AC +1)
You have large cloven feet.
You possess an exceptional clarity of mind.
You occasionally lose the ability to read scrolls when taking damage.


Message History

You reach to attack!
You hit the wight.
The wight is almost destroyed.
The wight barely misses you.
You reach to attack!
You closely miss the wight.
The wight is almost destroyed.
The wight hits you from afar with a +3 trident.
You closely miss the wight. Your kick misses the wight.
The wight closely misses you. The wight barely misses you.
You barely miss the wight. You kick the wight, but do no damage.
The wight hits you from afar with a +3 trident.
You feel drained. The wight misses you.
You barely miss the wight.
The wight hits you from afar with a +3 trident!
The wight hits you with a +0 great sword.
You are too injured to fight recklessly!
You are too injured to fight recklessly!
You are too injured to fight recklessly!
You are too injured to fight recklessly!
You feel better.
The wight hits you from afar with a +3 trident.
The wight barely misses you.
You barely miss the wight. Your kick misses the wight.
The wight hits you from afar with a +3 trident!
The wight misses you.
You closely miss the wight. You kick the wight, but do no damage.
The wight misses you.
The wight hits you with a +0 great sword!
* * * LOW HITPOINT WARNING * * *
You feel drained.
* * * LOW HITPOINT WARNING * * *
You barely miss the wight. The wight closely misses you.
The wight hits you with a +0 great sword!
You feel threatened and lose the ability to read scrolls!
* * * LOW HITPOINT WARNING * * *
You feel drained.
* * * LOW HITPOINT WARNING * * *
It was a potion of resistance.
You feel protected.
The wight hits you from afar with a +3 trident!
You die...

..............#
#..#.........#
.#............#
...........<..#
#.........#
###.########
#.........#
#.........#
#...@.....#
.......z.....#
####...).z...#
#.........#
#.........#
#.......>.#
#.........#
###########


You could see 2 wights.

Vanquished Creatures
  An ice beast (D:5)
  2 scorpions
  A wight (D:6)
  A howler monkey (D:3)
  2 orc priests (D:4)
  A hound (D:5)
  3 iguanas (D:5)
  2 orc wizards
  5 adders
  2 worms
  3 dart slugs
  23 orcs
  An endoplasm (D:4)
  4 giant cockroaches
  7 goblins
  3 hobgoblins
  6 kobolds
  2 quokkas
  5 ball pythons
  7 bats
  4 frilled lizards
  21 rats
106 creatures vanquished.

Vanquished Creatures (others)
  2 plants (D:3)
2 creatures vanquished.

Grand Total: 108 creatures vanquished

Notes
Turn   | Place    | Note
-------+----------+-------------------------------------------
     0 | D:1      | SensoryNuts the Ogre Gladiator began the quest for the Orb.
     0 | D:1      | Reached XP level 1. HP: 22/22 MP: 1/1
   123 | D:1      | Found a faded altar of an unknown god.
   267 | D:1      | Reached XP level 2. HP: 29/29 MP: 2/2
   868 | D:2      | Reached XP level 3. HP: 16/37 MP: 3/3
  2331 | D:2      | Reached XP level 4. HP: 45/45 MP: 4/4
  2366 | D:2      | Gained mutation: You possess an exceptional clarity of
                  | mind. [potion of mutation]
  2366 | D:2      | Gained mutation: You have large cloven feet. [potion of
                  | mutation]
  2366 | D:2      | Gained mutation: You occasionally lose the ability to read
                  | scrolls when taking damage. [potion of mutation]
  2661 | D:3      | Reached skill level 4 in Polearms
  2923 | D:3      | Found Heekuysu's Weapon Boutique.
  2941 | D:3      | Found a blossoming altar of Fedhas.
  2941 | D:3      | Found a hazy altar of Hepliaklqana.
  2941 | D:3      | Found a shimmering altar of Xom.
  3147 | D:3      | Reached XP level 5. HP: 54/54 MP: 5/5
  3358 | D:4      | Identified the +1 leather armour of the Storm King {rPois
                  | Dex+7}
  4020 | D:4      | Reached skill level 5 in Polearms
  4020 | D:4      | Reached skill level 1 in Stealth
  4020 | D:4      | Reached XP level 6. HP: 50/63 MP: 6/6
  4737 | D:5      | Entered Level 5 of the Dungeon
  4925 | D:5      | Reached skill level 5 in Fighting
  4925 | D:5      | Reached XP level 7. HP: 69/72 MP: 7/7
  5103 | D:5      | Reached skill level 6 in Polearms
  5636 | D:5      | Found an ancient bone altar of Kikubaaqudgha.
  6223 | D:6      | HP: 1/64 [wight/+0 great sword (4)]
  6224 | D:6      | Mangled by a wight

Illustrated notes

Levels and vault maps discovered:
D:1:      dpeg_arrival_three_bigger_balls, layout_rooms,
          hellmonk_ecumenical_altar_zigzags, minmay_pentomino_z4
D:2:      layout_basic
D:3:      layout_rooms, gammafunk_temple_overflow_forgotten, serial_shops,
          nicolae_shop_statue_plus, kennysheep_generic_room_14
D:4:      layout_loops_ring, minmay_rat_hole
D:5:      layout_basic, lemuel_coloured_pillars_altar
D:6:      layout_rooms, nicolae_uskayaw_dance_hall,
          minmay_temple_entry_statues_fountains, nicolae_shop_clearance

Skill      XL: |  1  2  3  4  5  6  7 |
---------------+----------------------+-----
Fighting       | 3 4 5 |  5.5
Dodging        | 3 4 |  4.2
Polearms       | 4 5 6 |  6.3
Stealth        | 1 |  1.9
Throwing       | |  2.1

Action                   |  1- 3 |  4- 6 |  7- 9 || total
-------------------------+-------+-------+-------++-------
Melee: Trident           |   152 |   176 |    47 ||   375
       Kick              |       |    33 |    11 ||    44
       Punch             |       |     1 |       ||     1
  Use: Potion            |     2 |     7 |     3 ||    12
       Scroll            |       |     7 |       ||     7
 Stab: Sleeping          |       |     3 |       ||     3
Armor: Robe              |    51 |    45 |     6 ||   102
Dodge: Dodged            |    70 |    72 |    19 ||   161

Table legend: (Time is in decaauts)
 A = Elapsed time spent in this place.
 B = Non-inter-level travel time spent in this place.
 C = Inter-level travel time spent in this place.
 D = Time resting spent in this place.
 E = Time spent auto-exploring this place.
 F = Levels seen in this place.
 G = Mean time per level.
                   A        B        C        D        E       F      G
               +--------+--------+--------+--------+--------+-----+--------+
         Total |   6214 |   5525 |    689 |    268 |   4473 |   6 | 1035.7 |
       Dungeon |   6214 |   5525 |    689 |    268 |   4473 |   6 | 1035.7 |
               +--------+--------+--------+--------+--------+-----+--------+

Top non-repeatable levels by time:
     D:2: 1799 daAuts
     D:5: 1466 daAuts
     D:4: 1368 daAuts
     D:1: 856 daAuts
     D:3: 702 daAuts
     D:6: 20 daAuts
